 Dungeon Crawl Stone Soup version 0.23-a0-169-gb21e695 (webtiles) character file.

2195 TheOrbIsALie the Thaumaturge (level 9, -4/57 HPs)
             Began as a Demonspawn Wizard on Sept 11, 2018.
             Was a Follower of Ru.
             Slain by a two-headed ogre
             ... wielding a +0 giant club
              (15 damage)
             ... on level 8 of the Dungeon.
             The game lasted 00:16:44 (6387 turns).

TheOrbIsALie the Thaumaturge (Demonspawn Wizard)    Turns: 6387, Time: 00:16:45

Health: -4/57      AC:  8    Str:  7    XL:     9   Next: 12%
Magic:  22/22      EV: 15    Int: 23    God:    Ru [*.....]
Gold:   392        SH:  0    Dex: 12    Spells: 19/26 levels left

rFire    . . .     SeeInvis .   h - +0 hand axe (freeze)
rCold    + . .     Gourm    .   (no shield)
rNeg     . . .     Faith    .   a - +0 robe
rPois    .         Spirit   .   b - +1 hat
rElec    .         Reflect  .   (no cloak)
rCorr    .         Harm     .   w - +0 pair of gloves
MR       .....                  (no boots)
Stlth    ++........             (no amulet)
HPRegen  0.19/turn              p - +3 ring of evasion
MPRegen  0.18/turn              C - ring of stealth

@: no status effects
A: hooves 1, icy blue scales 3, powered by pain 2, spiny 1, unskilled 1
a: Renounce Religion


You were on level 8 of the Dungeon.
You worshipped Ru.
Ru was aware of your devotion.
You were not hungry.

You visited 2 branches of the dungeon, and saw 9 of its levels.

You collected 392 gold pieces.

Inventory:

Hand Weapons
 h - a +0 hand axe of freezing (weapon)
 u - a +0 morningstar
Armour
 a - a +0 robe (worn)
 b - a +1 hat (worn)
 g - a +0 cloak
 w - a +0 pair of gloves (worn)
Jewellery
 o - an uncursed ring of fire
 p - a +3 ring of evasion (left hand)
 v - an uncursed ring of ice
 C - a ring of stealth (right hand)
Wands
 l - a wand of acid (6)
Scrolls
 c - a scroll of fear
 j - 2 scrolls of enchant armour
 k - 7 scrolls of identify
 q - 2 scrolls of remove curse
 t - 2 scrolls of teleportation
 y - a scroll of blinking
 B - a scroll of magic mapping
Potions
 e - a potion of cancellation {unknown}
 f - 2 potions of brilliance
 i - a potion of curing {unknown}
 m - a potion of berserk rage
 r - a potion of flight {unknown}
 s - 2 potions of degeneration {unknown}
 x - a potion of magic {unknown}
 z - 3 potions of haste {unknown}
 A - 2 potions of ambrosia {unknown}
Comestibles
 d - 10 rations
 n - a chunk of flesh


   Skills:
 - Level 1.5 Dodging
 - Level 1.5 Stealth
 + Level 9.0 Spellcasting
 - Level 6.0 Conjurations
   Level 0.8 Summonings
   Level 0.7 Translocations


You had 19 spell levels left.
You knew the following spells:

 Your Spells              Type           Power        Failure   Level  Hunger
a - Magic Dart            Conj           ####         1%          1    None
b - Conjure Flame         Conj/Fire      ###.....     5%          3    None
c - Mephitic Cloud        Conj/Pois/Air  ###.....     9%          3    None

Your spell library contained the following spells:

 Spells                   Type           Power        Failure   Level  Hunger
 Blink                    Tloc           N/A          7%          2    None
 Call Imp                 Summ           ##......     7%          2    None
 Slow                     Hex            ##......     10%         2    None


Dungeon Overview and Level Annotations

Branches:
Dungeon (8/15)             Temple (1/1) D:4
   Lair: D:8-11

Altars:
Ashenzari
Cheibriados
Dithmenos
Elyvilon
Fedhas
Hepliaklqana
Kikubaaqudgha
Makhleb
Okawaru
Ru
Sif Muna
Trog
Uskayaw
Vehumet
Yredelemnul
Zin
The Shining One

Annotations:
D:4 exclusion: oklob sapling


Innate Abilities, Weirdness & Mutations

You have large cloven feet.
You are completely covered in icy blue scales. (AC +4, rC+)
You sometimes gain power by taking damage.
You are partially covered in sharp spines.
You are somewhat unskilled. (-1 Apt)


Message History

Found a wand of acid (7).
Found a bloodstained altar of Trog.
You see here a club.
You strike the helpless two-headed ogre from behind!
You hit the two-headed ogre. You freeze the two-headed ogre.
The two-headed ogre is moderately wounded.
The two-headed ogre is struck by your spines.
The two-headed ogre misses you.
The two-headed ogre hits you with a dire flail!!
You focus on the pain.
You feel your power returning. The adder misses you.
You strike the helpless two-headed ogre from behind!
You hit the two-headed ogre. You freeze the two-headed ogre.
You kick the two-headed ogre.
The two-headed ogre is heavily wounded.
You hit the adder but do no damage.
The two-headed ogre seems less confused.
The adder is stunned by your will and fails to attack.
The two-headed ogre hits you with a giant club!!
* * * LOW HITPOINT WARNING * * *
The two-headed ogre hits you with a dire flail!
You die...

.#... .. ........
#... ...._...
#...###+###........
............ ......
...........##.?...
#..........#.....
.........!SO.#
...........@.#
#.....<..##...../.
##......## .####..
######## ##


You could see a two-headed ogre and an adder.

Vanquished Creatures
  Duvessa (D:4)
  2 ice beasts
  A phantom (D:6)
  2 ogres
  2 centaurs (D:6)
  2 big kobolds
  Blork the orc (D:6)
  A scorpion (D:5)
  Dowan (D:4)
  4 crimson imps
  A bullfrog zombie (D:7)
  A centaur zombie (D:3)
  3 hounds
  2 centaur skeletons
  2 orc priests
  8 orc wizards
  3 iguanas
  5 worker ants
  A hound zombie (D:6)
  Robin (D:4)
  2 hound skeletons
  8 gnolls
  6 adders
  2 oozes
  An adder skeleton (D:4)
  2 worms (D:4)
  3 dart slugs
  4 leopard geckos
  21 orcs
  A ball python (D:3)
  6 bats
  10 giant cockroaches
  16 goblins
  11 hobgoblins
  5 jackals
  38 kobolds
  3 quokkas
  8 frilled lizards
  A leopard gecko skeleton (D:5)
  A quokka zombie (D:4)
  6 rats (D:1)
  3 plants (D:4)
202 creatures vanquished.

Vanquished Creatures (others)
  A kobold (D:7)
  5 toadstools (D:1)
6 creatures vanquished.

Grand Total: 208 creatures vanquished

Notes
Turn   | Place    | Note
-------+----------+-------------------------------------------
     0 | D:1      | TheOrbIsALie the Demonspawn Wizard began the quest for the
                  | Orb.
     0 | D:1      | Reached XP level 1. HP: 13/13 MP: 4/4
   367 | D:1      | Gained mutation: You are partially covered in icy blue
                  | scales. (AC +2) [demonic ancestry]
   367 | D:1      | Reached XP level 2. HP: 19/19 MP: 4/6
   936 | D:1      | Gained mutation: You are partially covered in sharp spines.
                  | [demonic ancestry]
   936 | D:1      | Reached XP level 3. HP: 21/24 MP: 0/7
  1099 | D:2      | Found a basalt altar of Yredelemnul.
  1304 | D:2      | Gained mutation: You are mostly covered in icy blue scales.
                  | (AC +3) [demonic ancestry]
  1304 | D:2      | Reached XP level 4. HP: 23/30 MP: 2/8
  2227 | D:3      | Reached skill level 5 in Conjurations
  2227 | D:3      | Reached XP level 5. HP: 26/35 MP: 9/9
  2611 | D:4      | Noticed Robin
  2614 | D:4      | Gained mutation: You sometimes gain a little power by
                  | taking damage. [demonic ancestry]
  2614 | D:4      | Reached XP level 6. HP: 31/41 MP: 7/10
  2627 | D:4      | Killed Robin
  2980 | D:4      | Found a staircase to the Ecumenical Temple.
  3012 | D:4      | Noticed Duvessa
  3018 | D:4      | Learned a level 3 spell: Conjure Flame
  3022 | D:4      | Learned a level 3 spell: Mephitic Cloud
  3025 | D:4      | Noticed Dowan
  3037 | D:4      | Killed Dowan
  3059 | D:4      | Killed Duvessa
  3059 | D:4      | Reached skill level 4 in Spellcasting
  3092 | D:4      | Found an iron altar of Okawaru.
  3208 | D:4      | Gained mutation: You sometimes gain power by taking damage.
                  | [demonic ancestry]
  3208 | D:4      | Reached XP level 7. HP: 46/46 MP: 9/13
  3340 | Temple   | Entered the Ecumenical Temple
  3359 | Temple   | Became a worshipper of Ru the Awakened
  3764 | D:4      | Found a glowing silver altar of Zin.
  3818 | D:5      | Entered Level 5 of the Dungeon
  4040 | D:5      | Reached skill level 5 in Spellcasting
  4147 | D:5      | Found a radiant altar of Vehumet.
  4239 | D:5      | Reached skill level 6 in Spellcasting
  4615 | D:5      | Gained mutation: You have large cloven feet. [demonic
                  | ancestry]
  4615 | D:5      | Reached XP level 8. HP: 32/52 MP: 3/17
  4667 | D:5      | Found a shadowy altar of Dithmenos.
  4879 | D:6      | Reached skill level 7 in Spellcasting
  5283 | D:6      | Found a burning altar of Makhleb.
  5338 | D:6      | Reached skill level 8 in Spellcasting
  5382 | D:6      | Gained mutation: You are somewhat unskilled. (-1 Apt) [Ru
                  | sacrifice]
  5382 | D:6      | Reduced skill Spellcasting to level 7
  5382 | D:6      | Reached * piety under Ru
  5471 | D:6      | Noticed Blork the orc
  5481 | D:6      | Killed Blork the orc
  5560 | D:6      | Reached skill level 8 in Spellcasting
  5981 | D:7      | Gained mutation: You are completely covered in icy blue
                  | scales. (AC +4, rC+) [demonic ancestry]
  5981 | D:7      | Reached XP level 9. HP: 57/57 MP: 1/21
  6283 | D:7      | Reached skill level 9 in Spellcasting
  6378 | D:8      | Noticed a two-headed ogre
  6384 | D:8      | Found a bloodstained altar of Trog.
  6387 | D:8      | Slain by a two-headed ogre

Vault maps used:
D:1:      ldierk_walled_garden
D:2:      first_ration, yredelemnul_altar_generic
D:4:      kennysheep_little_box, minmay_temple_entry_oklob, okawaru_trees_2,
          uniq_robin, uniq_duvessa
D:5:      grunt_dithmenos_smoke_and_mirrors, kennysheep_mini_moat, st_stairs_9
D:6:      kennysheep_kobold_camp, makhleb_heckhound_becter, uniq_blork_the_orc
D:8:      lemuel_doored_altar, nemelex_xobeh_ov_fountains_minmay,
          grunt_gozag_statues, nicolae_overflow_hidden_temple, basic_altar,
          grunt_ogre_cave, minmay_lizard_king
Temple:   cyrus_circular_temple

Skill      XL: |  1  2  3  4  5  6  7  8  9 |
---------------+----------------------------+-----
Conjurations   | 2 3 5 6 |  6.0
Spellcasting   | 4 6 8 9 |  9.0
Summonings     | 0 |  0.8
Dodging        | |  1.5
Stealth        | |  1.5
Translocations | |  0.7

Action                   |  1- 3 |  4- 6 |  7- 9 || total
-------------------------+-------+-------+-------++-------
Melee: Unarmed           |    32 |       |       ||    32
       Hand axe          |    25 |    81 |   144 ||   250
       Morningstar       |       |       |    25 ||    25
       Kick              |       |       |    16 ||    16
 Cast: Magic Dart        |    68 |    91 |   201 ||   360
       Mephitic Cloud    |       |     2 |     3 ||     5
       Conjure Flame     |       |       |     1 ||     1
Invok: Sacrifice Skill   |       |       |     1 ||     1
Evoke: Wand              |       |       |     3 ||     3
  Use: Scroll            |       |     9 |     1 ||    10
       Potion            |       |     1 |       ||     1
 Stab: Sleeping          |     3 |     3 |       ||     6
       Confused          |       |     3 |     2 ||     5
  Eat: Chunk             |     1 |     5 |    12 ||    18
Armor: Robe              |    15 |    28 |    46 ||    89
Dodge: Dodged            |    44 |    63 |   124 ||   231

Table legend:
 A = Non-vault XP
 B = Vault XP
 C = Vault XP percentage of total XP
 D = Non-vault monster count
 E = Vault monster count
 F = Vault count percentage of total count
                 A         B        C        D         E       F
            +---------+---------+-------+---------+---------+-------
      Total |    2638 |     499 |  15.9 |     163 |      37 |  18.5
            +---------+---------+-------+---------+---------+-------
        D:1 |      51 |       0 |   0.0 |      29 |       0 |   0.0
        D:2 |      81 |       0 |   0.0 |      26 |       0 |   0.0
        D:3 |     107 |       0 |   0.0 |      21 |       0 |   0.0
        D:4 |     414 |     224 |  35.1 |      25 |      13 |  34.2
        D:5 |     549 |      13 |   2.3 |      15 |       1 |   6.2
        D:6 |     669 |     262 |  28.1 |      18 |      23 |  56.1
        D:7 |     767 |       0 |   0.0 |      29 |       0 |   0.0
            +---------+---------+-------+---------+---------+-------
